 Dungeon Crawl Stone Soup version 0.29-a0-334-gb41bcbb86e (webtiles) character file.

Game seed: 1373840783978978486

53 zishaf the Sneak (level 3, 0/19 HPs)
             Began as a Vine Stalker Brigand on Apr 16, 2022.
             Succumbed to an adder's poison
             ... on level 3 of the Dungeon.
             The game lasted 00:03:34 (2286 turns).

zishaf the Sneak (Vine Stalker Brigand)             Turns: 2286, Time: 00:03:34

Health: 0/19       AC:  3    Str: 13    XL:     3   Next: 89%
Magic:  4/4        EV: 12    Int: 11    God:
Gold:   93         SH:  0    Dex: 17    Spells: 2/2 levels left

rFire   . . .      SeeInvis .   s - +2 short sword (flame)
rCold   . . .      Faith    .   (no shield)
rNeg    . . .      Spirit   +   b - +0 robe
rPois   .          Reflect  .   (no helmet)
rElec   .          Harm     .   c - +0 cloak
rCorr   .          Rampage  .   (no gloves)
Will    .....                   (no boots)
Stlth   +++.......              (no amulet)
HPRegen 0.06/turn               (no ring)
MPRegen 0.09/turn               (no ring)

@: lethally poisoned (0 -> -12)
A: fangs 2, magic shield, antimagic bite, no potion heal 2
a: no special abilities


You were on level 3 of the Dungeon.
You visited 1 branch of the dungeon, and saw 3 of its levels.

You collected 93 gold pieces.

Inventory:

Hand Weapons
 a - a +2 dagger
 s - a +2 short sword of flaming (weapon)
Missiles
 d - 9 poisoned darts (quivered)
 e - 3 curare-tipped darts
Armour
 b - a +0 robe (worn)
 c - a +0 cloak (worn)
Jewellery
 m - a +4 ring of evasion
 o - a +6 ring of strength
Scrolls
 f - a scroll of identify {unknown}
 g - a scroll of blinking {unknown}
 i - 2 scrolls of enchant armour {unknown}
 j - a scroll of fear {unknown}
 k - 2 scrolls of amnesia {unknown}
 n - a scroll of silence {unknown}
 q - 2 scrolls of magic mapping {unknown}
 t - a scroll of fog {unknown}
 u - a scroll of teleportation {unknown}
 v - a scroll of brand weapon {unknown}
Potions
 h - 3 potions of curing {unknown}
 l - a potion of degeneration {unknown}
 p - 2 potions of heal wounds {unknown}
 r - a potion of haste {unknown}
 w - a potion of ambrosia {unknown}


   Skills:
 + Level 2.5 Fighting
 + Level 2.5 Short Blades
 - Level 1.7 Throwing
 - Level 1.0 Dodging
 + Level 5.5 Stealth


You had 2 spell levels left.
You didn't know any spells.
Your spell library contained the following spells:

 Spells                   Type           Power      Damage    Failure   Level
 Sandblast                Erth           0%         2d4       34%         1
 Passwall                 Tmut/Erth      0%         N/A       47%         2
 Call Canine Familiar     Summ           0%         N/A       71%         3
 Portal Projectile        Hex/Tloc       0%         N/A       71%         3
 Stone Arrow              Conj/Erth      0%         3d7       71%         3
 Leda's Liquefaction      Hex/Erth       0%         N/A       98%         4


Dungeon Overview and Level Annotations

Branches:
Dungeon (3/15)

Altars:

Shops:
D:1 ??*[


Innate Abilities, Weirdness & Mutations

You have extremely sharp teeth.
When hurt, damage is shared between your health and your magic reserves.
Your bite disrupts and absorbs the magic of your enemies.
Potions cannot restore your health.


Message History

The helpless ball python fails to defend itself.
You impale the ball python!! You burn the ball python.
You kill the ball python!
No target in view!
A quokka comes into view.
The quokka closely misses you.
You hit the quokka. You burn the quokka.
You kill the quokka!
No target in view!
w - a bubbling cyan potion
Found a whip.
You see here a +0 whip.
An adder comes into view.
An orc comes into view. It is wielding a +0 club.
The orc shouts!
You hear a shout! x2
An orc comes into view. It is wielding a +0 short sword.
The adder hisses angrily.
The adder bites you.
You are poisoned.
The adder poisons you!
You hit the adder. You burn the adder. You bite the adder. You drain its power.
The adder is heavily wounded.
You feel sick.
An orc comes into view. It is wielding a +0 hand axe.
The adder closely misses you.
You hit the adder. You burn the adder.
The adder is severely wounded.
You feel sick. The adder bites you.
You are lethally poisoned!
The adder poisons you! The adder bites you.
You are more poisoned.
The adder poisons you!
You hit the adder. You burn the adder.
You kill the adder!
You feel very sick.
You hit the orc. You burn the orc.
You kill the orc!
* * * LOW HITPOINT WARNING * * *
You feel very sick.
You die...

#........# #.#
#.#......######.##
#.#..............#
#.###............#
#. #.##†#######.#
...##.# #.#
###.##.# #.#
#.##.# #.# #.##.#
#@# # #.##.# #.#
#. #.##.# #)#
#.###.##.# #o#
#........# #o#
###.###### ..# #.#
### #.## #.<#


You could see 2 orcs.

Vanquished Creatures
  An adder (D:3)
  A worm (D:2)
  2 dart slugs (D:1)
  An orc (D:3)
  2 giant cockroaches (D:2)
  A goblin (D:1)
  4 hobgoblins
  4 jackals (D:3)
  2 quokkas
  6 ball pythons
  A bat (D:1)
  3 frilled lizards
  5 kobolds
  4 rats (D:2)
37 creatures vanquished.

Notes
Turn   | Place    | Note
-------+----------+-------------------------------------------
     0 | D:1      | zishaf the Vine Stalker Brigand began the quest for the
                  | Orb.
     0 | D:1      | Reached XP level 1. HP: 11/11 MP: 2/2
   165 | D:1      | Found Mulaid's Assorted Antiques.
   191 | D:1      | Found Fuir's Magic Scroll Shoppe.
   269 | D:1      | Found Naczij's Magic Scroll Shoppe.
   459 | D:1      | Found Ullast's Antique Armour Boutique.
   488 | D:1      | Reached skill level 1 in Dodging
   488 | D:1      | Reached skill level 5 in Stealth
   510 | D:1      | Reached XP level 2. HP: 13/15 MP: 1/3
   660 | D:1      | Found a faded altar of an unknown god.
  1506 | D:2      | Reached XP level 3. HP: 18/18 MP: 4/4
  2286 | D:3      | Succumbed to an adder's poison

Illustrated notes

Levels and vault maps discovered:
D:1:      scummos_arrival_hexagon, layout_loops_cross,
          chequers_ecumenical_altar_lobes, serial_shops, shop, shop,
          nicolae_shop_waterfront, nicolae_shop_advertising_works
          [nicolae_subvault_shop_adworks], dreamdust_mushroom_princess
D:2:      layout_basic, minmay_misc_feat_tiny, st_stairs_2, nrook_mini_vaults
D:3:      layout_loops_ring, fedhas_altar_3,
          mainiacjoe_overflow_surrounded_room, uniq_natasha

Skill      XL: |  1  2 |
---------------+-------+-----
Dodging        | 1 |  1.0
Stealth        | 5 |  5.5
Fighting       | 2 |  2.5
Short Blades   | 2 |  2.5
Throwing       | |  1.7

Action                   || total
-------------------------++-------
Melee: Dagger            ||    23
       Bite              ||    10
       Short sword       ||    54
       Punch             ||     3
 Stab: Sleeping          ||     8
Armor: Robe              ||    16
Dodge: Dodged            ||    33

Table legend: (Time is in decaauts)
 A = Elapsed time spent in this place.
 B = Non-inter-level travel time spent in this place.
 C = Inter-level travel time spent in this place.
 D = Time resting spent in this place.
 E = Time spent auto-exploring this place.
 F = Levels seen in this place.
 G = Mean time per level.
                   A        B        C        D        E       F      G
               +--------+--------+--------+--------+--------+-----+--------+
         Total |   2282 |   2174 |    108 |    329 |   1587 |   3 |  760.7 |
       Dungeon |   2282 |   2174 |    108 |    329 |   1587 |   3 |  760.7 |
               +--------+--------+--------+--------+--------+-----+--------+

Top non-repeatable levels by time:
     D:2: 1261 daAuts
     D:1: 907 daAuts
     D:3: 113 daAuts
